 Dungeon Crawl Stone Soup version 0.21.1-1-g345015fe64 (webtiles) character file.

15 KleinerIrrer the Insei (level 2, -4/18 HPs)
             Began as an Octopode Transmuter on Mar 25, 2018.
             Slain by Terence
             ... wielding a +0 short sword
              (6 damage)
             ... on level 2 of the Dungeon.
             The game lasted 00:01:08 (671 turns).

KleinerIrrer the Insei (Octopode Transmuter)         Turns: 671, Time: 00:01:08

Health: -4/18      AC:  1    Str:  9    XL:     2   Next: 50%
Magic:  5/5        EV: 13    Int: 15    God:
Gold:   31         SH:  0    Dex: 12    Spells: 4/5 levels left

rFire    . . .     SeeInvis .   g - +2 dagger (venom)
rCold    . . .     Gourm    .   (no shield)
rNeg     . . .     Faith    .   (helmet restricted)
rPois    .         Spirit   .   (no amulet)
rElec    .         Reflect  .   (no ring)
rCorr    .         Harm     .   (no ring)
MR       .....                  (no ring)
Stlth    ++........             (no ring)
HPRegen  0.06/turn              (no ring)
MPRegen  0.09/turn              (no ring)
                                (no ring)
                                (no ring)

@: no status effects
A: almost no armour, stealthy swim, amphibious, 8 rings, constrict 8, camouflage
1, gelatinous body 1
a: no special abilities


You were on level 2 of the Dungeon.
You were not hungry.

You visited 1 branch of the dungeon, and saw 2 of its levels.

You collected 31 gold pieces.

Inventory:

Hand Weapons
 g - a +2 dagger of venom (weapon)
Missiles
 a - 12 arrows
Scrolls
 d - 2 scrolls of identify {unknown}
Potions
 e - a potion of heal wounds {unknown}
 h - a potion of flight {unknown}
 i - a potion of invisibility {unknown}
Books
 b - a book of Changes

   Spells                             Type                      Level
   a - Beastly Appendage              Transmutation                1
   b - Sticks to Snakes               Transmutation                2
   c - Spider Form                    Transmutation/Poison         3
   d - Ice Form                       Ice/Transmutation            4
   e - Blade Hands                    Transmutation                5
Comestibles
 c - 3 rations
 f - a chunk of flesh


   Skills:
 - Level 1.0 Fighting
 + Level 2.1 Dodging
 * Level 3.5 Unarmed Combat
 - Level 2.0 Spellcasting
 * Level 2.2 Transmutations


You had 4 spell levels left.
You knew the following spells:

 Your Spells              Type           Power        Failure   Level  Hunger
a - Beastly Appendage     Tmut           #.....       9%          1    #......


Dungeon Overview and Level Annotations

Branches:
Dungeon (2/15)

Altars:

Annotations:
D:2 Terence


Innate Abilities, Weirdness & Mutations

You cannot wear most types of armour.
You are very stealthy in the water. (Stealth+)
You are amphibious.
You can wear up to eight rings at the same time.
You can use your tentacles to constrict eight enemies at once.
Your skin changes colour to match your surroundings (Stealth+).
Your rubbery body absorbs attacks. (AC +1, EV +1)


Message History

The bat barely misses you. Terence hits you but does no damage.
You barely miss Terence.
Terence is moderately wounded.
You constrict Terence, but do no damage.
The bat barely misses you. Terence misses you.
You hit Terence but do no damage.
Terence is moderately wounded.
You constrict Terence, but do no damage.
The bat closely misses you. Terence hits you with a short sword.
* * * LOW HITPOINT WARNING * * *
Unknown command.
You hit Terence but do no damage. You squeeze Terence, but do no damage.
Terence is moderately wounded.
You constrict Terence. The bat barely misses you.
The bat hits you but does no damage. Terence barely misses you.
You hit Terence.
Terence looks as sick as possible!
Terence is heavily wounded.
You constrict Terence, but do no damage.
The bat hits you but does no damage. Terence hits you with a short sword.
You die...

........#
.........
.........
........#
.......<####
...........
.....b..@#
.......@.#
.....(.<.#
.........#
.........#
.........#
........##
....#####
####


You could see Terence and a bat.

Vanquished Creatures
  2 dart slugs (D:1)
  2 goblins (D:1)
  A hobgoblin (D:1)
  2 jackals (D:1)
  2 kobolds (D:1)
  3 rats (D:1)
12 creatures vanquished.

Notes
Turn   | Place    | Note
-------+----------+-------------------------------------------
     0 | D:1      | KleinerIrrer the Octopode Transmuter began the quest for the Orb.
     0 | D:1      | Reached XP level 1. HP: 13/13 MP: 3/3
   311 | D:1      | Reached XP level 2. HP: 14/18 MP: 5/5
   659 | D:2      | Noticed Terence
   671 | D:2      | Slain by Terence

Action                   || total
-------------------------++-------
Melee: Unarmed           ||    17
       Constrict         ||     8
       Dagger            ||    20
       Tentacles         ||     5
       Punch             ||     1
 Stab: Sleeping          ||     2
Armor: Skin              ||     3
Dodge: Dodged            ||    23
